 Dungeon Sprint DCSS version 0.31-a0-620-gd1cbd99268 (webtiles) character file.

Game seed: 780079876113882847

151 zazu2006 the Frost Mage (level 5, 0/48 HPs)
             Began as an Octopode Ice Elementalist on Aug 23, 2023.
             Slain by a water moccasin (9 damage)
             ... in the Dungeon (Sprint IX: "|||||||||||||||||||||||||||||").
             The game lasted 00:00:24 (48 turns).

zazu2006 the Frost Mage (Octopode Ice Elementalist)   Turns: 48, Time: 00:00:25

Health: 0/48       AC:  1    Str:  9    XL:     5   Next: 33%
Magic:  4/9        EV: 14    Int: 17    God:
Gold:   0          SH:  0    Dex: 13    Spells: 9/10 levels left

rFire   . .          .
                       - Unarmed
rCold   . . .        (no shield)
rNeg    . . .        (helmet restricted)
rPois   .            (no amulet)
rElec   .            (no ring)
rCorr   .            (no ring)
SInv    .            (no ring)
Will    .....        (no ring) Stlth
                     (no ring)
HPRegen 0.28/turn    (no ring)
MPRegen 0.11/turn    (no ring)
                     (no ring)

%: no teleportation
@: berserking (expiring), very quick
A: almost no armour, amphibious, 8 rings, camouflage 1, gelatinous body 1,
(nimble swimmer 1), tentacles
a: no special abilities


You were in the Dungeon.
You visited 1 branch

Inventory:

Scrolls
 f - a scroll of blinking
Potions
 a - 3 potions of magic
 c - a potion of heal wounds
 d - a potion of haste


   Skills:
 + Level 0.4 Fighting
 + Level 3.9 Dodging
 + Level 5.2 Stealth
 + Level 3.2 Unarmed Combat
 + Level 3.2 Spellcasting
 + Level 8.9 Ice Magic


You had 9 spell levels left.
You knew the following spells:

 Your Spells              Type           Power      Damage    Failure   Level
a - Freeze                Ice            100%       1d10      1%          1

Your spell library contained the following spells:

 Spells                   Type           Power      Damage    Failure   Level
 Frozen Ramparts          Ice            66%        1d10      1%          3
 Ozocubu's Armour         Ice            33%        N/A       1%          3
 Summon Ice Beast         Ice/Summ       18%        N/A       26%         4


Dungeon Overview and Level Annotations

Branches:
Dungeon (1/1)

Altars:


Innate Abilities, Weirdness & Mutations

You cannot wear most types of armour.
You are amphibious.
You can wear up to eight rings at the same time.
Your skin changes colour to match your surroundings (Stealth+).
Your rubbery body absorbs attacks. (AC +1, EV +1)
((You are camouflaged when in or above water. (Stealth+)))
You have tentacles for arms and can constrict up to eight enemies at once.


Message History

You feel sick. The adder misses you.
You bludgeon the adder!
You kill the adder!
You feel sick.
Unknown command.
Unknown command.
You tentacle-slap the ogre.
The ogre is lightly wounded.
You feel sick. The ogre hits you with a +0 giant club!
* * * LOW HITPOINT WARNING * * *
You bludgeon the ogre! Your squeeze misses the ogre.
The ogre is severely wounded.
You feel sick.
You bludgeon the ogre!
The ogre is almost dead.
You barely miss the ogre.
The ogre is almost dead.
You feel sick.
You are no longer poisoned.
The ogre barely misses you.
You bludgeon the ogre!
You kill the ogre!
Your Stealth skill increases to level 5!
Your Unarmed Combat skill gained 2 levels and is now at level 3!
Your Spellcasting skill increases to level 3!
Your Ice Magic skill increases to level 8!
You have reached level 5!
You feel agile.
Unknown command.
Unknown command.
Unknown command.
Unknown command.
You tentacle-slap the water moccasin. Your grab misses the water moccasin.
The water moccasin is moderately wounded.
The water moccasin closely misses you.
You bludgeon the water moccasin! You grab the water moccasin.
Your squeeze misses the water moccasin.
The water moccasin is severely wounded.
You constrict the water moccasin. The water moccasin bites you!
You die...

▓+▓
▓.▓
▓.▓
▓.▓
▓o▓
▓S▓
▓@▓
▓.▓
▓.▓
▓.▓
▓.▓
▓)▓
▓'▓
▓.▓
▓.▓


You could see a water moccasin and an orc.

Vanquished Creatures
  An ogre (D)
  A scorpion (D)
  An adder (D)
  A goblin (D)
  A hobgoblin (D)
  2 quokkas (D)
  A rat (D)
8 creatures vanquished.

Notes
Turn   | Place    | Note
-------+----------+-------------------------------------------
     0 | D        | zazu2006 the Octopode Ice Elementalist began the quest for
                  | the Orb.
     0 | D        | Reached XP level 1. HP: 11/11 MP: 3/3
    21 | D        | Reached skill level 5 in Ice Magic
    29 | D        | Noticed a water moccasin
    29 | D        | Noticed an ogre
    29 | D        | Noticed a scorpion
    37 | D        | Killed a scorpion
    38 | D        | Reached skill level 1 in Unarmed Combat
    38 | D        | Reached skill level 7 in Ice Magic
    38 | D        | Reached XP level 2. HP: 11/17 MP: 3/5
    38 | D        | Reached XP level 3. HP: 13/21 MP: 4/7
    38 | D        | Reached XP level 4. HP: 17/27 MP: 4/8
    46 | D        | Killed an ogre
    47 | D        | Reached skill level 5 in Stealth
    47 | D        | Reached skill level 8 in Ice Magic
    47 | D        | Reached XP level 5. HP: 9/32 MP: 4/9
    48 | D        | Slain by a water moccasin

Illustrated notes

Levels and vault maps discovered:
D:        linesprint [early_d, line_temple, items_1, d_10, items_2, lair_1,
          lair_end, items_3, orc_1, orc_end, items_4, d_15, swamp_1, shoals_1,
          snake_1, spider_1, d_20, vaults_1, items_5, swamp_end, shoals_end,
          snake_end, spider_end, vaults_end, d_27, items_6, zot_1, zot_end,
          crypt_end, forest_end, elf_end, slime_end, tomb_end, abyss_end,
          pan_hell_end]

Skill      XL: |  1  2  3  4 |
---------------+-------------+-----
Stealth        | 4 5 |  5.2
Ice Magic      | 7 8 |  8.9
Dodging        | 3 |  3.9
Unarmed Combat | 1 3 |  3.2
Spellcasting   | 3 |  3.2
Fighting       | |  0.4

Action                     |  1- 3 |  4- 6 || total
---------------------------+-------+-------++-------
  Melee: Unarmed           |    24 |    10 ||    34
         Constrict         |     6 |     1 ||     7
         Tentacles         |     3 |       ||     3
    Use: Potion            |     2 |       ||     2
   Stab: Sleeping          |     1 |       ||     1
 Armour: Skin              |     2 |       ||     2
  Dodge: Dodged            |    15 |     4 ||    19

Table legend: (Time is in decaauts)
 A = Elapsed time spent in this place.
 B = Non-inter-level travel time spent in this place.
 C = Inter-level travel time spent in this place.
 D = Time resting spent in this place.
 E = Time spent auto-exploring this place.
 F = Levels seen in this place.
 G = Mean time per level.
                   A        B        C        D        E       F      G
               +--------+--------+--------+--------+--------+-----+--------+
         Total |     43 |     43 |      0 |      0 |      3 |   1 |   43.0 |
       Dungeon |     43 |     43 |      0 |      0 |      3 |   1 |   43.0 |
               +--------+--------+--------+--------+--------+-----+--------+

Top non-repeatable levels by time:
       D: 43 daAuts
